Map: Pillars of Gold LE

Players

BroodKingEXE - Winner!

  • Race: Zerg Zerg
  • League: Diamond
  • Spawn Location: 7:00

VOD

Have the link to the VOD?

Description

Time

  • Played on: Dec. 9, 2020, 4:58 p.m.
  • Length: 12:42
Show
View Real Time Build Order
Export as new Build Order

BroodKingEXE Zerg - Winner!

Build Orders:  

Get SALT Encoding   

  12  0:01  Drone  
  13  0:14  Drone  
  14  0:24  Overlord  
  14  0:51  Drone x3  
  17  1:17  Hatchery  
  16  1:22  Drone  
  16  1:28  Drone  
  18  1:36  Drone  
  19  1:52  Spawning Pool  
  19  1:55  Drone  
  19  2:08  Drone  
  20  2:22  Drone  
  21  2:31  Hatchery  
  21  2:37  Drone  
  21  2:55  Drone  
  21  2:59  Queen  
  24  3:00  Extractor  
  24  3:01  Drone  
  24  3:16  Queen  
  26  3:20  Drone x2  
  28  3:35  Overlord  
  28  3:46  Overlord  
  28  3:48  Overlord  
  28  4:02  Drone  
  28  4:04  Drone  
  28  4:09  Drone  
  26  4:10  Drone  
  31  4:15  Drone  
  33  4:30  Drone x2  
  33  4:36  Drone x3  
  33  4:39  Drone  
  39  4:40  Extractor  
  38  4:51  Overlord  
  38  4:54  Drone  
  38  4:55  Drone x3  
  42  5:07  Drone  
  43  5:12  Extractor  
  43  5:15  Evolution Chamber, Drone x2  
  43  5:16  Drone  
  44  5:23  Queen x2  
  44  5:26  Drone  
  44  5:28  Drone  
  44  5:29  Drone  
  51  5:34  Drone  
  51  5:35  Drone  
  53  5:45  Overlord  
  53  5:46  Overlord  
  53  5:52  Metabolic Boost  
  53  5:54  Zerg Missile Weapons Level 1  
  53  6:02  Drone  
  53  6:06  Drone x4  
  53  6:07  Drone  
  53  6:08  Overlord  
  59  6:26  Queen  
  61  6:35  Lair, Overlord  
  61  6:36  Overlord x2  
  61  6:40  Baneling Nest  
  61  6:44  Roach Warren  
  61  6:47  Drone  
  61  6:50  Drone x2  
  61  6:51  Extractor, Drone  
  61  6:53  Drone x2  
  65  7:29  Overlord x3  
  65  7:44  Roach  
  65  7:45  Roach x10  
  65  7:46  Glial Reconstitution  
  65  7:48  Roach  
  65  7:49  Roach x3  
  95  7:59  Overlord x2  
  95  8:00  Overlord  
  95  8:02  Roach  
  95  8:07  Roach x2  
  101  8:18  Roach x4  
  109  8:25  Roach  
  111  8:37  Roach x4  
  111  8:38  Roach  
  121  8:53  Roach x3  
  121  8:56  Roach  
  129  9:00  Roach  
  129  9:01  Roach  
  129  9:06  Hatchery  
  132  9:10  Roach  
  132  9:11  Roach x3  
  128  9:55  Roach  
  128  9:56  Roach x14  
  138  10:09  Roach  
  62  10:10  Roach  
  134  10:28  Roach x2  
  134  10:29  Roach x2  
  134  10:31  Roach  
  134  10:32  Roach  
  132  10:40  Roach  
  132  10:49  Roach  
  136  10:50  Roach  
  130  11:28  Roach  
  130  11:29  Roach x5  
  70  11:30  Roach  
  140  11:38  Roach x2  
  140  11:39  Roach x3  
  152  11:56  Roach  
  152  11:57  Roach x7  
Tags
 
Add a new tag
Caveats
  • Supply blocks, unpowered buildings, or Contaminate may cause inaccurate times.
  • Supply counts are checked every 10 seconds.